 Dungeon Crawl Stone Soup version 0.26.1-11-gd32895ea62 (webtiles) character file.

Game seed: 16629021855639012713

134468 buriedalive the Warrior (level 16, -1/165 HPs)
             Began as a Minotaur Fighter on June 22, 2021.
             Was a High Priest of Trog.
             Shot with an arrow by a naga sharpshooter (11 damage)
             ... on level 3 of the Snake Pit on June 23, 2021.
             The game lasted 01:09:40 (32169 turns).

buriedalive the Warrior (Minotaur Fighter)         Turns: 32169, Time: 01:09:40

Health: -1/165     AC: 34    Str: 29    XL:     16   Next: 62%
Magic:  2/6        EV: 13    Int: 16    God:    Trog [*****.]
Gold:   2758       SH:  0    Dex: 11    Spells: 15/15 levels left

rFire    + . .     SeeInvis +   W - +5 dire flail (freeze)
rCold    + + .     Faith    .   (shield currently unavailable)
rNeg     . . .     Spirit   .   Y - +5 plate armour {rF+}
rPois    .         Reflect  .   (helmet restricted)
rElec    +         Harm     .   C - +2 cloak
rCorr    .         Rampage  .   v - +2 pair of gloves {archery}
Will     +++..     Rnd*Tele +   E - +2 pair of boots {Stlth+}
Stlth    ..........             R - amulet "Ynwewi" {rPois Regen+ Int+5}
HPRegen  1.77/turn              h - ring of poison resistance
MPRegen  0.10/turn              j - ring of Zifruc {rElec rC++ MP-9 Int+6 SInv}

@: poison vulnerable, berserk cooldown, regenerating, slowed, very slow
A: retaliatory headbutt, claws 2, fangs 1, horns 2, strong 1, teleportitis 1
a: Renounce Religion, Berserk, Trog's Hand, Brothers in Arms


You were on level 3 of the Snake Pit.
You worshipped Trog.
Trog was extremely pleased with you.
You visited 5 branches of the dungeon, and saw 27 of its levels.
You also visited: Ossuary and Gauntlet.

You collected 3020 gold pieces.
You spent 262 gold pieces at shops.

Inventory:

Hand Weapons
 T - a +0 vorpal triple crossbow
 W - a +5 dire flail of freezing (weapon)
Missiles
 c - 7 datura-tipped darts
 i - 444 arrows
 o - 88 poisoned darts (quivered)
 t - 5 atropa-tipped darts
 w - 18 silver javelins
 y - 51 boomerangs
 F - 243 bolts
 N - 10 javelins
 O - 12 curare-tipped darts
Armour
 v - a +2 pair of gloves of archery (worn)
 C - a +2 cloak (worn)
 E - a +2 pair of boots of stealth (worn)
 Y - a +5 plate armour of fire resistance (worn)
Jewellery
 e - an uncursed amulet of reflection
 h - a ring of poison resistance (left hand)
 j - the ring of Zifruc (right hand) {rElec rC++ MP-9 Int+6 SInv}
   (You acquired it on level 2 of the Snake Pit)

   [ring of intelligence]

   It affects your intelligence (+6).
   It greatly protects you from cold.
   It insulates you from electricity.
   It affects your magic capacity (-9).
   It lets you see invisible.
 q - an uncursed ring of protection from cold
 A - an uncursed ring of protection from fire
 B - a +4 ring of evasion
 R - the amulet "Ynwewi" (around neck) {rPois Regen+ Int+5}
   (You found it in a Gauntlet)

   [amulet of regeneration]

   It affects your intelligence (+5).
   It protects you from poison.
   It increases your rate of regeneration.
 U - an uncursed ring of flight
Wands
 m - a wand of paralysis (18)
 u - a wand of digging (9)
 z - a wand of disintegration (20)
 L - a wand of enslavement (23)
 M - a wand of iceblast (20)
 X - a wand of acid (8)
Scrolls
 a - 8 scrolls of fog
 b - 12 scrolls of teleportation
 D - a scroll of fear
 G - 2 scrolls of blinking
 I - 5 scrolls of remove curse
 V - a scroll of silence
 Z - a scroll of magic mapping
Potions
 d - 5 potions of might
 g - 6 potions of curing
 k - 2 potions of flight
 l - 2 potions of resistance
 n - 3 potions of ambrosia
 r - 3 potions of haste
 x - 2 potions of cancellation
 J - 3 potions of invisibility
 P - a potion of magic
Miscellaneous
 f - a phantom mirror


   Skills:
 + Level 20.4 Fighting
 - Level 18.1 Maces & Flails
 - Level 18.3 Armour
 + Level 10.1 Dodging
 - Level 3.6 Shields


You had 15 spell levels left.
You didn't know any spells.
Your spell library contained the following spells:

 Spells                   Type           Power        Failure   Level
 Animate Skeleton         Necr           0%           75%         1
 Magic Dart               Conj           0%           75%         1
 Pain                     Necr           0%           75%         1
 Poisonous Vapours        Pois/Air       0%           87%         2
 Searing Ray              Conj           0%           87%         2
 Conjure Flame            Conj/Fire      0%           98%         3
 Dazzling Flash           Conj/Hex       0%           98%         3
 Mephitic Cloud           Conj/Pois/Air  0%           98%         3
 Vampiric Draining        Necr           0%           98%         3
 Animate Dead             Necr           0%           100%        4
 Fulminant Prism          Conj/Hex       0%           100%        4
 Iskenderun's Mystic Bla  Conj/Tloc      0%           100%        4
 Agony                    Necr           0%           100%        5
 Freezing Cloud           Conj/Ice/Air   0%           100%        6


Dungeon Overview and Level Annotations

Branches:
Dungeon (15/15)            Temple (1/1) D:4            Lair (6/6) D:8
  Swamp (0/4) Lair:2        Snake (2/4) Lair:3        Slime (0/5) Lair:6
    Orc (2/2) D:11            Elf (0/3) Orc:2        Vaults (0/5) D:13
 Depths (0/5) D:15        Ossuary (visited)         Gauntlet (visited)

Altars:
Ashenzari
Cheibriados
Dithmenos
Elyvilon
Fedhas
Gozag
Hepliaklqana
Kikubaaqudgha
Makhleb
Nemelex Xobeh
Okawaru
Qazlal
Ru
Sif Muna
Trog
Uskayaw
Vehumet
Wu Jian
Xom
Yredelemnul
Zin
The Shining One
Beogh

Shops:
D:8 *   Orc:1 ?   Orc:2 !(*}?

Portals:
Pandemonium: Orc:2

Annotations:
D:3 exclusion: oklob plant
D:5 3 runed translucent doors, nothank2's ghost, novice MfSu
Snake:1 Roxanne


Innate Abilities, Weirdness & Mutations

You reflexively headbutt those who attack you in melee.
You have a pair of horns on your head.
You have very sharp fingernails.
You have very sharp teeth.
Your muscles are strong. (Str +2)
You are occasionally teleported next to monsters.


Message History

Your deep troll claws the naga sharpshooter!
Your deep troll claws the naga sharpshooter.
The naga sharpshooter shoots an arrow.
The arrow hits you.
* * * LOW HITPOINT WARNING * * *
Your deep troll bites the naga sharpshooter!!
Your deep troll claws the naga sharpshooter but does no damage.
Your deep troll claws the naga sharpshooter.
The naga sharpshooter shoots an arrow.
The arrow hits your deep troll!!
Your deep troll bites the naga sharpshooter!!
The naga sharpshooter dies!
Trog accepts your kill.
Trog appreciates your killing of a magic user.
Aiming: Disintegrate
Press: ? - help, Shift-Dir - straight line, f/p - naga sharpshooter
Aim: a naga sharpshooter, wielding a +0 longbow and quivering 7 arrows (chance to affect: 16%)
The naga sharpshooter resists with almost no effort.
The naga sharpshooter casts a spell.
The naga sharpshooter magically shoots an arrow.
The arrow hits you!
You die...

#....#
......####
........#
.......#
#.N..).
#..)T#
#)...#
##@..#
#..(.#
#.#### ...
.....
#.....
###...
....


You could see a naga sharpshooter and a friendly deep troll (summoned, berserk).

Vanquished Creatures
  Gastronok (Lair:3)
  A dire elephant (D:15)
  Azrael (D:13)
  2 fire dragons
  3 hydras
  Harold (D:7)
  4 naga warriors
  Fannar (D:11)
  A boulder beetle (Lair:2)
  Erolcha (D:11)
  7 two-headed ogres
  2 dancing weapons (D:13)
  5 anacondas
  10 death yaks (Lair:6)
  4 catoblepae
  3 tengu warriors
  4 naga sharpshooters
  4 shock serpents
  9 orc high priests
  A salamander mystic (Snake:1)
  3 unseen horrors
  Nergalle (Lair:4)
  An infernal demonspawn (Orc:2)
  A lindwurm (Lair:6)
  3 swamp dragons (Lair:1)
  An oklob plant (Lair:6)
  11 ugly things (D:15)
  5 orc sorcerers
  7 mana vipers
  7 orc knights
  16 elephants
  2 cyclopes
  4 salamanders
  3 manticores
  A rust devil (Orc:2)
  15 black mambas
  2 guardian serpents
  A smoke demon (Orc:2)
  An orange demon (Orc:2)
  Joseph (D:7)
  Maggie (D:7)
  11 cane toads
  9 naga magi
  6 gargoyles
  A torpor snail (Lair:6)
  8 rime drakes
  3 centaur skeletons
  11 komodo dragons
  A hellwing (Orc:2)
  A tengu conjurer (D:15)
  7 trolls
  3 meliai (Gauntlet)
  A hornet (D:12)
  4 polar bears
  7 slime creatures
  21 blink frogs
  10 dream sheep
  5 shadows
  Sigmund (D:2)
  4 wyverns
  A spriggan (shapeshifter) (D:13)
  59 yaks
  A wraith (D:15)
  5 fire elementals
  6 basilisks
  A chaos spawn (Orc:2)
  2 vampire mosquitoes (D:12)
  Menkaure (D:6)
  A warg (Orc:1)
  15 two-headed ogre zombies (Orc:1)
  15 nagas
  2 soldier ants (D:13)
  14 water moccasins
  3 acid dragons
  6 ice beasts
  4 black bears
  48 orc warriors
  A sky beast (D:13)
  7 phantoms
  A hornet zombie (D:14)
  A necrophage (D:12)
  14 ogres
  3 centaurs
  9 wolves
  2 big kobolds
  19 bullfrogs
  2 gnoll sergeants
  A wyvern zombie (D:7)
  7 scorpions
  A wyvern skeleton (D:13)
  A water moccasin skeleton (D:6)
  9 killer bees
  17 wights
  An electric eel (D:10)
  4 howler monkeys
  2 bullfrog zombies
  5 centaur zombies
  3 human zombies (Ossuary)
  9 jellies
  34 orc priests
  6 hounds
  3 bullfrog skeletons
  4 iguanas
  12 worker ants
  29 orc wizards
  A killer bee zombie (D:5)
  A big kobold zombie (Ossuary)
  2 hound zombies
  2 hound skeletons
  4 mummies (Ossuary)
  2 howler monkey zombies (D:7)
  2 worker ant zombies
  17 gnolls
  25 adders
  2 shadow imps
  4 white imps
  4 ufetubi
  An ooze (D:2)
  An adder skeleton (D:7)
  4 worms
  2 dart slugs
  6 leopard geckos
  121 orcs
  6 giant cockroaches
  6 goblins
  2 hobgoblins (D:2)
  12 jackals
  5 quokkas
  A ball python (D:4)
  5 bats
  5 frilled lizards
  A hobgoblin zombie (Ossuary)
  A jackal skeleton (D:6)
  A jackal zombie (Ossuary)
  17 kobolds
  2 kobold zombies (Ossuary)
  2 leopard gecko skeletons
  An orc zombie (Ossuary)
  10 rats
  2 rat zombies (Ossuary)
937 creatures vanquished.

Vanquished Creatures (collateral kills)
  A minotaur (Gauntlet)
  2 naga sharpshooters (Snake:3)
  A yak (D:9)
  A naga (Snake:3)
  An iguana (D:9)
6 creatures vanquished.

Vanquished Creatures (others)
  A yak (D:9)
  An adder (D:10)
  33 fungi
  23 plants
58 creatures vanquished.

Grand Total: 1001 creatures vanquished

Notes
Turn   | Place    | Note
-------+----------+-------------------------------------------
     0 | D:1      | buriedalive the Minotaur Fighter began the quest for the
                  | Orb.
     0 | D:1      | Reached XP level 1. HP: 19/19 MP: 0/0
   589 | D:1      | Reached XP level 2. HP: 27/27 MP: 1/1
  1068 | D:2      | Reached skill level 4 in Fighting
  1317 | D:2      | Reached XP level 3. HP: 16/33 MP: 2/2
  1862 | D:2      | Reached XP level 4. HP: 38/41 MP: 3/3
  2281 | D:2      | Found a faded altar of an unknown god.
  2324 | D:2      | Noticed Sigmund
  2335 | D:2      | Killed Sigmund
  2336 | D:2      | Reached skill level 5 in Fighting
  2336 | D:2      | Reached skill level 5 in Armour
  2336 | D:2      | Reached XP level 5. HP: 45/48 MP: 4/4
  2464 | D:2      | Reached XP level 6. HP: 56/56 MP: 5/5
  3189 | D:3      | Reached skill level 5 in Maces & Flails
  3935 | D:3      | Found a blossoming altar of Fedhas.
  3955 | D:3      | Noticed an oklob plant
  4252 | D:4      | Reached skill level 6 in Fighting
  4340 | D:4      | Reached XP level 7. HP: 63/63 MP: 6/6
  4568 | D:4      | Found a staircase to the Ecumenical Temple.
  4575 | Temple   | Entered the Ecumenical Temple
  5413 | D:5      | Entered Level 5 of the Dungeon
  5439 | D:5      | Found a broken altar of Ashenzari.
  5480 | D:5      | Reached skill level 7 in Fighting
  5840 | D:5      | Reached XP level 8. HP: 69/73 MP: 7/7
  6219 | D:5      | Found a runed translucent gate.
  6220 | D:5      | Found a runed translucent gate.
  6220 | D:5      | Found a runed translucent gate.
  6222 | D:5      | Noticed nothank2's ghost (novice MfSu)
  6686 | D:6      | Reached skill level 8 in Fighting
  6930 | D:6      | Found a hide-covered altar of Uskayaw.
  7072 | D:6      | Noticed Menkaure
  7074 | D:6      | Found a shadowy altar of Dithmenos.
  7083 | D:6      | Killed Menkaure
  7279 | D:6      | Gained mutation: You are weak. (Str -2) [potion of
                  | mutation]
  7279 | D:6      | Gained mutation: You have a pair of large horns on your
                  | head. [potion of mutation]
  7628 | D:7      | Reached XP level 9. HP: 82/82 MP: 8/8
  7712 | D:7      | Reached skill level 9 in Fighting
  7829 | D:7      | Found a sand-covered staircase.
  7835 | Ossuary  | Entered an ossuary
  8125 | D:7      | Noticed Maggie
  8145 | D:7      | Killed Maggie
  8210 | D:7      | Noticed Joseph
  8219 | D:7      | Noticed Harold
  8230 | D:7      | Found a burning altar of Makhleb.
  8247 | D:7      | Killed Harold
  8248 | D:7      | Reached skill level 10 in Fighting
  8248 | D:7      | Reached skill level 10 in Maces & Flails
  8248 | D:7      | Reached skill level 10 in Armour
  8251 | D:7      | Killed Joseph
  8404 | D:7      | Reached XP level 10. HP: 94/94 MP: 9/9
  8623 | D:8      | Found a shadowy altar of Dithmenos.
  8750 | D:8      | Lost mutation: You have a pair of large horns on your head.
                  | [potion of mutation]
  8750 | D:8      | Lost mutation: You are weak. (Str -2) [potion of mutation]
  8750 | D:8      | Gained mutation: Your spells are a little easier to cast,
                  | but a little less powerful. [potion of mutation]
  8750 | D:8      | Gained mutation: You have a pair of large horns on your
                  | head. [potion of mutation]
  8764 | D:8      | Found a bloodstained altar of Trog.
  8784 | D:8      | Became a worshipper of Trog the Wrathful
  8906 | D:8      | Reached skill level 11 in Fighting
  9091 | D:8      | Found Korixuzi's General Store.
  9096 | D:8      | Bought a scroll of blinking for 82 gold pieces
  9391 | D:8      | Found a staircase to the Lair.
  9612 | D:9      | Reached * piety under Trog
 10060 | D:9      | Found a sparkling altar of Nemelex Xobeh.
 10196 | D:9      | Reached skill level 12 in Fighting
 10211 | D:9      | Reached ** piety under Trog
 10212 | D:9      | Reached XP level 11. HP: 88/104 MP: 10/10
 10453 | D:9      | Found a white marble altar of Elyvilon.
 10887 | D:10     | Entered Level 10 of the Dungeon
 10929 | D:10     | Noticed a two-headed ogre
 10930 | D:10     | Noticed a fire dragon
 10981 | D:10     | Killed an unseen horror
 11358 | D:10     | Killed a two-headed ogre
 11440 | D:10     | Noticed a five-headed hydra
 11450 | D:10     | Killed a five-headed hydra
 11567 | D:10     | Identified the +3 leather armour of the Bells {rN+++ Will+
                  | Slay+6}
 11774 | D:10     | Reached *** piety under Trog
 12044 | D:10     | Killed a fire dragon
 12045 | D:10     | Reached skill level 13 in Fighting
 12624 | D:11     | Noticed Erolcha
 12625 | D:11     | Noticed Fannar
 12646 | D:11     | Killed Fannar
 12651 | D:11     | Killed Erolcha
 12861 | D:11     | Found a staircase to the Orcish Mines.
 13199 | D:11     | Reached **** piety under Trog
 13622 | D:12     | Reached XP level 12. HP: 112/115 MP: 11/11
 13662 | D:12     | Noticed a fire dragon
 13677 | D:12     | Killed a fire dragon
 13867 | D:12     | Noticed a two-headed ogre
 13881 | D:12     | Killed a two-headed ogre
 14013 | D:12     | Reached skill level 14 in Fighting
 14065 | D:12     | Noticed a two-headed ogre
 14074 | D:12     | Killed a two-headed ogre
 14628 | D:13     | Reached ***** piety under Trog
 14951 | D:13     | Noticed Azrael
 15251 | D:13     | Killed Azrael
 15378 | D:13     | Found a gate to the Vaults.
 16117 | D:14     | Reached skill level 15 in Fighting
 16117 | D:14     | Reached XP level 13. HP: 121/126 MP: 12/12
 16125 | D:14     | Reached skill level 15 in Armour
 16245 | D:14     | Reached skill level 15 in Maces & Flails
 16247 | D:14     | Found a basalt altar of Yredelemnul.
 16697 | D:14     | You fall into a shaft and drop 1 floor!
 16697 | D:15     | Entered Level 15 of the Dungeon
 17440 | D:15     | Noticed a dire elephant
 17457 | D:15     | Killed a dire elephant
 17994 | D:15     | Reached skill level 16 in Fighting
 18193 | D:15     | Found a staircase to the Depths.
 18403 | Lair:1   | Entered Level 1 of the Lair of Beasts
 18403 | Lair:1   | Found a transporter.
 18475 | Lair:1   | Received a gift from Trog
 18607 | Lair:1   | Found a transporter.
 19205 | Lair:1   | Reached XP level 14. HP: 134/138 MP: 13/13
 20002 | Lair:2   | Found a staircase to the Swamp.
 20284 | Lair:2   | Reached ****** piety under Trog
 20812 | Lair:3   | Reached skill level 17 in Fighting
 20917 | Lair:3   | Found a staircase to the Snake Pit.
 21028 | Lair:3   | Noticed Gastronok
 21050 | Lair:3   | Killed Gastronok
 21609 | Lair:4   | Received a gift from Trog
 21706 | Lair:4   | Noticed Nergalle
 21722 | Lair:4   | Killed Nergalle
 23797 | Lair:6   | Entered Level 6 of the Lair of Beasts
 24029 | Lair:6   | Found a staircase to the Slime Pits.
 24228 | Lair:6   | Reached XP level 15. HP: 125/148 MP: 14/14
 24236 | Lair:6   | Found the +10 Black Knight's barding {ponderous, rPois rN+}
 24633 | Lair:6   | Reached skill level 18 in Fighting
 25426 | Lair:6   | Received a gift from Trog
 26478 | Orc:1    | Entered Level 1 of the Orcish Mines
 26501 | Orc:1    | Reached skill level 1 in Dodging
 27456 | Orc:1    | Found Heul's Magic Scroll Shoppe.
 27607 | Orc:2    | Entered Level 2 of the Orcish Mines
 27657 | Orc:2    | Found a staircase to the Elven Halls.
 27667 | Orc:2    | Found a gate leading to a gauntlet.
 27682 | Gauntlet | Entered a Gauntlet
 27682 | Gauntlet | Found a transporter.
 27682 | Gauntlet | Found a transporter.
 27688 | Gauntlet | Found a transporter.
 27703 | Gauntlet | Found a transporter.
 27718 | Gauntlet | Found a transporter.
 27718 | Gauntlet | Found a transporter.
 27719 | Gauntlet | Found a transporter.
 27721 | Gauntlet | Found a transporter.
 27721 | Gauntlet | Found a transporter.
 27725 | Gauntlet | Found a runed translucent door.
 27725 | Gauntlet | Found a runed translucent door.
 27732 | Gauntlet | Found a transporter.
 27748 | Gauntlet | Found a runed translucent gate.
 27749 | Gauntlet | Found a transporter.
 27749 | Gauntlet | Found a runed translucent gate.
 27750 | Gauntlet | Found a runed translucent gate.
 27759 | Gauntlet | Found a transporter.
 27767 | Gauntlet | Found a transporter.
 27803 | Gauntlet | Found a transporter.
 28129 | Gauntlet | Got a shimmering lead amulet
 28142 | Gauntlet | Identified the amulet "Ynwewi" {rPois Regen+ Int+5} (You
                  | found it in a Gauntlet)
 28222 | Gauntlet | Identified the +4 demon blade of Caklaesm {freeze, +Blink
                  | Str+6 Dex-3}
 28308 | Orc:2    | Found Zaevecza's Magic Scroll Emporium.
 28309 | Orc:2    | Received a gift from Trog
 28331 | Orc:2    | Found Xoen's General Store.
 28481 | Orc:2    | Reached skill level 5 in Dodging
 28525 | Orc:2    | Reached skill level 19 in Fighting
 29361 | Orc:2    | Found Gorghyomm's Gadget Boutique.
 29361 | Orc:2    | Found Ecyr's Antique Weapon Shop.
 29364 | Orc:2    | Found a one-way gate leading to the halls of Pandemonium.
 29370 | Orc:2    | Reached XP level 16. HP: 134/160 MP: 15/15
 29445 | Orc:2    | Found Qiyruc's Distillery.
 29471 | Orc:2    | Received a gift from Trog
 29587 | Orc:2    | Bought a potion of resistance for 180 gold pieces
 29625 | Orc:2    | Found a roughly hewn altar of Beogh.
 30136 | Snake:1  | Entered Level 1 of the Snake Pit
 30165 | Snake:1  | Identified Roxanne's Volume of Transmigration
 30165 | Snake:1  | Noticed Roxanne
 31376 | Snake:1  | Reached skill level 20 in Fighting
 31878 | Snake:1  | Received a gift from Trog
 32078 | Snake:2  | Lost mutation: Your spells are a little easier to cast, but
                  | a little less powerful. [potion of mutation]
 32078 | Snake:2  | Gained mutation: You have very sharp teeth. [potion of
                  | mutation]
 32078 | Snake:2  | Gained mutation: Scrolls take you a little longer to read.
                  | [potion of mutation]
 32078 | Snake:2  | Gained mutation: You have sharp fingernails. [potion of
                  | mutation]
 32079 | Snake:2  | Lost mutation: Scrolls take you a little longer to read.
                  | [potion of mutation]
 32079 | Snake:2  | Lost mutation: You have a pair of large horns on your head.
                  | [potion of mutation]
 32079 | Snake:2  | Gained mutation: You are occasionally teleported next to
                  | monsters. [potion of mutation]
 32079 | Snake:2  | Gained mutation: Your mind is acute. (Int +2) [potion of
                  | mutation]
 32080 | Snake:2  | Lost mutation: Your mind is acute. (Int +2) [potion of
                  | mutation]
 32080 | Snake:2  | Gained mutation: You have very sharp fingernails. [potion
                  | of mutation]
 32080 | Snake:2  | Gained mutation: Your muscles are strong. (Str +2) [potion
                  | of mutation]
 32120 | Snake:2  | Identified a scroll of acquirement
 32121 | Snake:2  | Acquired the ring of Zifruc {rElec rC++ MP-9 Int+6 SInv}
 32158 | Snake:2  | Reached skill level 10 in Dodging
 32161 | Snake:2  | You fall into a shaft and drop 1 floor!
 32167 | Snake:3  | HP: 7/165 [naga sharpshooter/arrow (5)]
 32169 | Snake:3  | Shot with an arrow by a naga sharpshooter

Illustrated notes

Levels and vault maps discovered:
D:1:      dpeg_arrival_long_road, layout_loops_ring, serial_forest,
          infiniplex_forest_clump_small, infiniplex_forest_diagonal,
          infiniplex_forest_lined_ring, infiniplex_forest_lined_room_,
          infiniplex_forest_clump_curved
D:2:      minmay_chambers_of_twos, layout_basic,
          chequers_ecumenical_altar_simple, uniq_sigmund
D:3:      layout_basic, tgw_fedhas
D:4:      minmay_chambers_of_threes, layout_loops_ring,
          minmay_temple_entry_butterflies
D:5:      layout_layer_cave, cheibrodos_ashenzari_chains,
          gammafunk_ghost_necromancy
D:6:      layout_loops_ring, kennysheep_mini_moat,
          nicolae_dithmenos_shadow_blocks, uniq_menkaure
D:7:      layout_basic, bloody_makhleb, nicolae_ossuary_entry_monument,
          minmay_misc_feat_secret_circle, minmay_checkerbox, uniq_harold,
          uniq_joseph, uniq_maggie
D:8:      layout_loops_cross, bloody_trog, general_overflow_altar,
          grunt_lair_entry_orc_guard_hut, serial_shops, shop_statue
D:9:      layout_basic, nicolae_overflow_crystal_walls, lemuel_round_altar,
          minmay_fractal_squares_5
D:10:     dragon1_lemuel, layout_rooms
D:11:     layout_roguey, orc_0_dummy, kennysheep_generic_room_11, uniq_erolcha,
          uniq_fannar
D:12:     layout_big_octagon
D:13:     layout_cave_pools, erik_vaults_1, minmay_bent, uniq_azrael
D:14:     layout_rooms, basic_altar, infiniplex_staircase_zigzag_1
D:15:     hangedman_depths_entry_try_elsewhere_first, layout_rooms,
          chequers_arboretum
Temple:   minmay_temple_curvy_branch
Lair:1:   gammafunk_cloud_chamber, layout_cave_shapes, lemuel_fruit_tree
Lair:2:   layout_regular_city, swamp_mist, serial_bayou_shore_b,
          infiniplex_staircase_pool_2, grunt_megastairs_4
Lair:3:   layout_layer_cave, minmay_snake_entry_spellcaster, grunt_megastairs_1,
          uniq_gastronok
Lair:4:   layout_hall_layers, infiniplex_staircase_pool, uniq_nergalle
Lair:5:   layout_roguey
Lair:6:   evilmike_catoblepas_cave, layout_small_grid,
          minmay_slime_entry_oklob_enclosed, minmay_lair_drake_nest
Snake:1:  layout_chambers, drop_trap, serial_bayou_crossing, grunt_megastairs_5,
          uniq_roxanne
Snake:2:  layout_onion_interference, serial_shops, nicolae_shop_trees,
          basic_altar, serial_bayou_shore_a
Snake:3:  layout_misc_corridors, basic_altar, nrook_guardian_serpent_double
Orc:1:    lemuel_ogre_cave, layout_diamond_mine, serial_shops, shop
Orc:2:    pf_orc_diabolical, layout_diamond_mine, gauntlet_entry_generic,
          serial_shops, shop, minmay_orc_temple_b

Skill      XL: |  1  2  3  4  5  6  7  8  9 10 11 12 13 14 15 16 |
---------------+-------------------------------------------------+-----
Fighting       | 4 5 6 7 8 10 12 13 15 16 17 19 20 | 20.4
Maces & Flails | 3 4 5 6 8 10 11 13 14 16 17 18 | 18.1
Armour         | 4 5 6 7 8 10 12 13 14 16 17 18 | 18.3
Dodging        | 6 10 | 10.1
Shields        | |  3.6

Action                   |  1- 3 |  4- 6 |  7- 9 | 10-12 | 13-15 | 16-18 || total
-------------------------+-------+-------+-------+-------+-------+-------++-------
Melee: Flail             |    18 |       |       |       |       |       ||    18
       Headbutt          |     5 |    11 |    67 |   176 |   303 |    66 ||   628
       Whip              |    33 |   118 |   329 |   770 |       |       ||  1250
       Dire flail        |       |       |       |    81 |  1249 |   304 ||  1634
       Bite              |       |       |       |       |       |     4 ||     4
 Fire: Triple crossbow   |       |       |       |       |     3 |       ||     3
Invok: Berserk           |       |       |       |     4 |     6 |     1 ||    11
       Trog's Hand       |       |       |       |       |     4 |     2 ||     6
       Brothers in Arms  |       |       |       |       |     2 |     1 ||     3
Evoke: Wand              |       |       |       |     2 |       |     2 ||     4
  Use: Potion            |     1 |     1 |     2 |     4 |     2 |     5 ||    15
       Scroll            |       |       |    16 |    11 |    18 |     4 ||    49
Armor: Scale mail        |    16 |    28 |    20 |       |       |       ||    64
       Plate armour      |       |       |    85 |   292 |   634 |   190 ||  1201
Dodge: Dodged            |    12 |    22 |    90 |   141 |   518 |   215 ||   998
Block: Kite shield       |    27 |    36 |   157 |   376 |       |       ||   596
       Reflection        |       |       |     3 |    17 |     7 |       ||    27
       Other             |       |       |       |    12 |   171 |       ||   183
